 Dungeon Crawl Stone Soup version 0.27.1 (webtiles) character file.

Game seed: 991526956569413944

7 chaosape the Protected (level 2, 0/26 HPs)
             Began as a Gnoll Wanderer on Aug 27, 2021.
             Slain by a quokka (4 damage)
             ... on level 1 of the Dungeon.
             The game lasted 00:01:25 (251 turns).

chaosape the Protected (Gnoll Wanderer)              Turns: 251, Time: 00:01:25

Health: 0/26       AC:  2    Str: 12    XL:     2   Next: 0%
Magic:  2/2        EV: 11    Int: 11    God:
Gold:   0          SH:  0    Dex: 10    Spells: 1/1 levels left

rFire    . . .     SeeInvis .   f - +0 dagger
rCold    . . .     Faith    .   (no shield)
rNeg     . . .     Spirit   .   e - +0 robe
rPois    .         Reflect  .   (no helmet)
rElec    .         Harm     .   (no cloak)
rCorr    .         Rampage  .   (no gloves)
Will     .....                  (no boots)
Stlth    +.........             (no amulet)
HPRegen  0.08/turn              (no ring)
MPRegen  0.08/turn              (no ring)

@: no status effects
A: fangs 1, strong nose, distributed training
a: no special abilities


You were on level 1 of the Dungeon.
You visited 1 branch of the dungeon, and saw 1 of its levels.

Inventory:

Hand Weapons
 a - a +2 hand crossbow
 f - a +0 dagger (weapon)
Missiles
 b - 56 bolts
Armour
 e - a +0 robe (worn)
Scrolls
 d - a scroll of teleportation
Potions
 c - a potion of curing


   Skills:
 + Level 4.4 Fighting
 + Level 0.2 Short Blades
 + Level 0.2 Long Blades
 + Level 0.2 Axes
 + Level 0.2 Maces & Flails
 + Level 0.2 Polearms
 + Level 0.2 Staves
 + Level 0.2 Slings
 + Level 0.2 Bows
 + Level 4.4 Crossbows
 + Level 2.4 Throwing
 + Level 8.4 Armour
 + Level 0.2 Dodging
 + Level 0.2 Stealth
 + Level 2.4 Shields
 + Level 0.2 Unarmed Combat
 + Level 0.2 Spellcasting
 + Level 0.1 Conjurations
 + Level 0.1 Hexes
 + Level 0.1 Summonings
 + Level 0.1 Necromancy
 + Level 0.1 Translocations
 + Level 0.1 Transmutations
 + Level 0.1 Fire Magic
 + Level 0.1 Ice Magic
 + Level 0.1 Air Magic
 + Level 0.1 Earth Magic
 + Level 0.1 Poison Magic
 + Level 0.3 Invocations
 + Level 0.2 Evocations


You had one spell level left.
You didn't know any spells.
Your spell library contained the following spells:

 Spells                   Type           Power      Damage    Failure   Level
 Animate Skeleton         Necr           0%         N/A       32%         1
 Pain                     Necr           0%         1d4       32%         1
 Vampiric Draining        Necr           0%         2d6       69%         3


Dungeon Overview and Level Annotations

Branches:
Dungeon (1/15)

Altars:


Innate Abilities, Weirdness & Mutations

You have very sharp teeth.
Your uncanny sense of smell can sniff out nearby items.
Your experience applies equally to all skills.


Message History

A quokka comes into view.
Fire: 57 bolts
Press: ? - help, Q - select action Shift-Dir - straight line, f - quokka
Aim: a quokka (57% to hit)
You shoot a bolt. The bolt barely misses the quokka.
f - a +0 dagger (weapon)
The quokka bites you.
You miss the quokka. The quokka closely misses you.
You hit the quokka but do no damage. Your bite misses the quokka.
The quokka closely misses you.
You hit the quokka but do no damage. The quokka misses you.
The quokka barely misses you.
You closely miss the quokka. The quokka misses you.
You barely miss the quokka. The quokka bites you.
You miss the quokka. The quokka closely misses you.
You closely miss the quokka. The quokka bites you.
You completely miss the quokka. The quokka closely misses you.
The quokka bites you.
You barely miss the quokka. The quokka bites you.
You hit the quokka but do no damage. Your bite misses the quokka.
The quokka bites you.
You hit the quokka but do no damage. You bite the quokka, but do no damage.
The quokka misses you.
You hit the quokka but do no damage. The quokka misses you.
You miss the quokka. The quokka completely misses you.
The quokka bites you but does no damage.
You closely miss the quokka. The quokka closely misses you.
You hit the quokka but do no damage. The quokka barely misses you.
You hit the quokka but do no damage. The quokka closely misses you.
You barely miss the quokka. Your bite misses the quokka.
The quokka closely misses you.
You miss the quokka. The quokka misses you. The quokka bites you.
You miss the quokka. The quokka bites you.
* * * LOW HITPOINT WARNING * * *
You miss the quokka. The quokka bites you.
* * * LOW HITPOINT WARNING * * *
You hit the quokka.
The quokka is heavily wounded.
The quokka bites you.
You die...

##########
#........#
#.######.# #.# #.#
#.######.####
#...........###
#@###.##..#.#.##
#.r.....>..#..†.###
#..#######.#......†
#)(. ..##...###
#.## #####.##.. #.
#.##.# #. #.## #.
#+#


You could see a quokka.

Vanquished Creatures
  A hobgoblin (D:1)
  3 jackals (D:1)
  A quokka (D:1)
5 creatures vanquished.

Notes
Turn   | Place    | Note
-------+----------+-------------------------------------------
     0 | D:1      | chaosape the Gnoll Wanderer began the quest for the Orb.
     0 | D:1      | chaosape set off with the following items: a +2 hand
                  | crossbow, 30 bolts, a potion of curing, a scroll of
                  | teleportation, a +0 robe
     0 | D:1      | Reached XP level 1. HP: 20/20 MP: 1/1
    97 | D:1      | Reached XP level 2. HP: 18/26 MP: 2/2
   251 | D:1      | Slain by a quokka

Illustrated notes

Levels and vault maps discovered:
D:1:      amcnicky_arrival_blooded_trapdoor, layout_loops_corners

Action                   || total
-------------------------++-------
Melee: Dagger            ||    34
       Bite              ||     1
 Fire: Hand crossbow     ||     7
Armor: Robe              ||     2
Dodge: Dodged            ||    27
